AoeStats
← smartjanc

Hideout

507779193Analyzed
1v1 RM · 12d ago on Sep 19, 2026· 84m 46s· 2 players
Game mode
Random Map
Map size
Tiny (2 player)
Population
200
Speed
Normal
Resources
Standard
Victory
Conquest
Starting age
Dark Age
Ending age
Imperial Age
RankedLock teamsTeams togetherTeam positionsShared explorationLock speedFull tech treeHidden civsTurbo modeCheats
Victory
Defeat
🇩🇪 Teutons · Germany
259
+13
🇺🇸 Bohemians · United States
204
-13
smartjanc
0:53 Loom
12:24 Feudal Age
13:42 Wheelbarrow
13:02 Double-Bit Axe
13:07 Horse Collar
17:31 Town Watch
20:20 Arson
22:24 Fletching
22:35 Padded Archer Armor
28:20 Castle Age
29:30 Squires
28:51 Pikeman
30:44 Hand Cart
30:41 Heavy Plow
30:56 Bow Saw
30:48 Bodkin Arrow
31:09 Leather Archer Armor
30:56 Scale Mail Armor
31:06 Forging
32:18 Town Patrol
34:06 Husbandry
33:27 Light Cavalry
33:51 Crossbowman
37:51 Iron Casting
37:22 Scale Barding Armor
37:33 Chain Mail Armor
37:44 Ballistics
37:20 Murder Holes
37:06 Treadmill Crane
39:45 Chemistry
38:51 Man-at-Arms
41:17 Long Swordsman
50:00 Wagenburg Tactics
56:41 Imperial Age
58:35 Bracer
61:12 Guilds
60:37 Arbalester
61:09 Halberdier
61:11 Two-Handed Swordsman
沒有離線突襲
10:07 Feudal Age
11:10 Double-Bit Axe
11:09 Horse Collar
14:54 Wheelbarrow
15:34 Gold Mining
16:32 Stone Mining
23:29 Castle Age
24:23 Heavy Plow
24:38 Bow Saw
25:06 Stone Shaft Mining
24:50 Hand Cart
35:43 Imperial Age
33:43 Squires
33:04 Pikeman
33:59 Bloodlines
35:14 Scale Barding Armor
35:09 Scale Mail Armor
35:10 Padded Archer Armor
35:00 Fletching
35:21 Forging
37:48 Elite Skirmisher
41:05 Crop Rotation
41:41 Two-Man Saw
41:38 Cavalier
45:02 Onager
46:44 Chain Barding Armor
46:39 Chain Mail Armor
46:40 Leather Archer Armor
46:20 Bodkin Arrow
47:00 Iron Casting
47:32 Ironclad
48:09 Guard Tower
48:40 Ballistics
49:20 Chemistry
48:06 Arrowslits
48:31 Fortified Wall
48:32 Masonry
50:12 Plate Barding Armor
50:08 Plate Mail Armor
54:05 Halberdier
56:06 Bombard Tower
56:22 Keep
55:52 Siphons
55:38 Heated Shot
55:53 Siege Engineers
60:14 Ring Archer Armor
60:44 Blast Furnace
60:53 Elite Teutonic Knight
80:02 Paladin
Connection lost

Rejoining the realm…

Still unreachable

The connection could not be restored.

Session expired

The server has moved on; the page needs a fresh start.